 Dungeon Sprint DCSS version 0.30-a0-279-g4b46babb21 (webtiles) character file.

Game seed: 5642290794080235446

7 rocky1 the Insei (level 2, -1/18 HPs)
             Began as an Octopode Transmuter on Oct 17, 2022.
             Slain by a human (4 damage)
             ... in the Dungeon (Sprint III: "The Ten Rune Challenge").
             The game lasted 00:00:45 (210 turns).

rocky1 the Insei (Octopode Transmuter)               Turns: 210, Time: 00:00:45

Health: -1/18      AC:  1    Str:  9    XL:     2   Next: 4%
Magic:  5/6        EV: 13    Int: 15    God:
Gold:   0          SH:  0    Dex: 12    Spells: 6/7 levels left

rFire   . . .      SeeInvis .      - Unarmed
rCold   . . .      Faith    .    (no shield)
rNeg    . . .      Spirit   .    (helmet currently unavailable)
rPois   .          Reflect  .    (no amulet)
rElec   .          Harm     .    (no ring)
rCorr   .          Rampage  .    (no ring)
Will    .....      NoTele   +    (no ring)
Stlth   ++........               (no ring)
HPRegen 0.23/turn                (no ring)
MPRegen 0.10/turn                (no ring)
                                 (no ring)
                                 (no ring)

@: appendages
A: tentacle spike 3, almost no armour, amphibious, 8 rings, camouflage 1,
gelatinous body 1, (nimble swimmer 1), tentacles
a: End Transformation


You were in the Dungeon.
One of your tentacles had grown a beastly spike.
You visited 1 branch

Inventory:

Missiles
 h - 5 poisoned darts
Scrolls
 g - a scroll of blinking
Potions
 a - a potion of lignification
 b - a potion of curing
 c - a potion of heal wounds
 d - a potion of haste
 e - 2 potions of magic
 f - a potion of berserk rage


   Skills:
 + Level 1.0 Fighting
 + Level 2.5 Dodging
 + Level 0.4 Stealth
 + Level 3.6 Unarmed Combat
 + Level 3.0 Spellcasting
 + Level 2.2 Transmutations


You had 6 spell levels left.
You knew the following spells:

 Your Spells              Type           Power      Damage    Failure   Level
a - Beastly Appendage     Tmut           18%        N/A       8%          1

Your spell library contained the following spells:

 Spells                   Type           Power      Damage    Failure   Level
 Wereblood                Tmut           9%         N/A       12%         2
 Spider Form              Tmut/Pois      5%         N/A       36%         3
 Ice Form                 Ice/Tmut       5%         N/A       77%         4


Dungeon Overview and Level Annotations

Branches:
Dungeon (1/1)

Altars:


Innate Abilities, Weirdness & Mutations

One of your tentacles has grown a beastly spike.
You cannot wear most types of armour.
You are amphibious.
You can wear up to eight rings at the same time.
Your skin changes colour to match your surroundings (Stealth+).
Your rubbery body absorbs attacks. (AC +1, EV +1)
((You are camouflaged when in or above water. (Stealth+)))
You have tentacles for arms and can constrict up to eight enemies at once.


Message History

Your Spellcasting skill increases to level 3!
You have reached level 2!
You start resting.
Your tentacle spike disappears.
Magic restored.
You start resting.
HP restored.
You start waiting.
Done waiting.
The human shouts!
Casting: Beastly Appendage (safe; 8% risk of failure)
Confirm with . or Enter, or press ? or * to list all spells.
One of your tentacles grows a vicious spike.
You barely miss the human. Your grab misses the human. The human hits you!
Ouch! That really hurt!
You tentacle-slap the human. You grab the human.
You pierce the human.
The human is lightly wounded.
You constrict the human, but do no damage.
The human hits you!
* * * LOW HITPOINT WARNING * * *
You tentacle-slap the human but do no damage.
You squeeze the human.
The human is moderately wounded.
You constrict the human. The human closely misses you.
You tentacle-slap the human.
You squeeze the human, but do no damage.
The human is moderately wounded.
You constrict the human. The human misses you.
You tentacle-slap the human.
The human is moderately wounded.
You constrict the human, but do no damage.
The human misses you.
You tentacle-slap the human but do no damage.
You pierce the human, but do no damage.
The human is moderately wounded.
You constrict the human. The human closely misses you.
You tentacle-slap the human. x2
The human is heavily wounded.
You constrict the human. The human hits you.
You die...

▓...#......##
▓..##.......# .#
▓##.##.##...# .#
##.##.###..# ..#
▓#.####.##..# ...+
▓.###..##..##
#...# ▓#.....##†.#
#....#
###..##...##p....#
##†.##....#@.....#
#..###..##.#.....#
#..# #.. ####....#
▓▓▓▓ ▓▓▓ ▓▓▓▓▓


You could see a human.

Vanquished Creatures
  A phantom (D)
  4 rats (D)
5 creatures vanquished.

Vanquished Creatures (others)
  A plant (D)
1 creature vanquished.

Grand Total: 6 creatures vanquished

Notes
Turn   | Place    | Note
-------+----------+-------------------------------------------
     0 | D        | rocky1 the Octopode Transmuter began the quest for the Orb.
     0 | D        | Reached XP level 1. HP: 13/13 MP: 3/3
    70 | D        | Reached XP level 2. HP: 11/18 MP: 4/6
   210 | D        | Slain by a human

Illustrated notes

Levels and vault maps discovered:
D:        dungeon_sprint_mu [sprint_mu_entry_cave, sprint_mu_temple_rooms,
          sprint_mu_d1_spiders, sprint_mu_d2_genie, sprint_mu_d3_branching,
          sprint_mu_orc_legion, sprint_mu_elf_gauntlet, sprint_mu_hive_nellie,
          sprint_mu_lair_fedhas, sprint_mu_vaults_butterflies,
          sprint_mu_slime_circle, sprint_mu_swamp_cave, sprint_mu_shoals_kraken,
          sprint_mu_blade_basic, sprint_mu_crypt_lich, sprint_mu_tomb_spiral,
          sprint_mu_vestibule_basic, sprint_mu_gehenna_hellfire,
          sprint_mu_dis_giant, sprint_mu_tartarus_statrot,
          sprint_mu_cocytus_islands, sprint_mu_zot1]

Skill      XL: |  1 |
---------------+----+-----
Spellcasting   | 3 |  3.0
Fighting       | |  1.0
Dodging        | |  2.5
Stealth        | |  0.4
Unarmed Combat | |  3.6
Transmutations | |  2.2

Action                   || total
-------------------------++-------
Melee: Unarmed           ||    23
       Kick              ||     4
       Constrict         ||     3
       Tentacles         ||     2
       Punch             ||     1
 Cast: Beastly Appendage ||     3
 Stab: Sleeping          ||     2
Dodge: Dodged            ||    13

Table legend: (Time is in decaauts)
 A = Elapsed time spent in this place.
 B = Non-inter-level travel time spent in this place.
 C = Inter-level travel time spent in this place.
 D = Time resting spent in this place.
 E = Time spent auto-exploring this place.
 F = Levels seen in this place.
 G = Mean time per level.
                   A        B        C        D        E       F      G
               +--------+--------+--------+--------+--------+-----+--------+
         Total |    208 |    208 |      0 |    129 |     25 |   1 |  208.0 |
       Dungeon |    208 |    208 |      0 |    129 |     25 |   1 |  208.0 |
               +--------+--------+--------+--------+--------+-----+--------+

Top non-repeatable levels by time:
       D: 208 daAuts
